[Event "Team 45 45 League T54"]
[Site "Internet Chess Club"]
[Date "2012.09.23"]
[Round "6"]
[White "semperfi"]
[Black "Goldenberg"]
[Result "1-0"]
[WhiteElo "1328"]
[BlackElo "1559"]
[Opening "Queen's pawn game"]
[ECO "D02"]
[Time "13:06:25"]
[TimeControl "2700+45"]

1. d4 d5 2. Nf3 e6 3. e3 c5 4. c3 Nf6 5. Nbd2 Be7 6. Bd3 Nc6 7. Qe2 a6 8. O-O
O-O 9. e4 cxd4 10. e5 Nd7 11. cxd4 b5 12. Nb3 Nb4 13. Bb1 Nb6 14. a3 Nc6 15. Qc2
g6 16. Qxc6 Nc4 17. Qxa8 Qc7 18. Nc5 Nb6 19. Nxa6 Nxa8 20. Nxc7 Nxc7 21. Bh6 Rd8
22. Rc1 Na8 23. Bd3 Bd7 24. Ng5 Nb6 25. Re1 Rc8 26. Rac1 Nc4 27. Bxc4 bxc4 28.
Re3 Rb8 29. Re2 Ba4 30. g3 Bd8 31. Rc3 Ba5 32. Rf3 Rb7 33. Nxe6 Bd1 34. Nc5 Rb5
35. e6 Bxe2 36. exf7+ {Black resigns} 1-0

[Event "Team 45 45 League T54"]
[Site "Internet Chess Club"]
[Date "2012.09.24"]
[Round "6"]
[White "vjbaker"]
[Black "RobertBuice"]
[Result "1-0"]
[WhiteElo "1374"]
[BlackElo "1049"]
[Opening "Caro-Kann defense"]
[ECO "B15"]
[Time "19:30:07"]
[TimeControl "2700+45"]

1. e4 c6 2. d4 d5 3. Nc3 Nf6 4. e5 Ng4 5. h3 Nh6 6. Nf3 Bf5 7. g4 Be4 8. Nxe4
dxe4 9. Ng5 e6 10. Nxe4 Qd5 11. Bg2 Qd7 12. Bxh6 gxh6 13. Nf6+ Ke7 14. Nxd7 Nxd7
15. c3 Rd8 16. Qb3 c5 17. Qxb7 cxd4 18. cxd4 {Black resigns} 1-0

[Event "Team 45 45 League T54"]
[Site "Internet Chess Club"]
[Date "2012.09.25"]
[Round "6"]
[White "artspir"]
[Black "MasterD"]
[Result "0-1"]
[WhiteElo "1169"]
[BlackElo "1115"]
[Opening "Queen's bishop game"]
[ECO "D02"]
[Time "18:00:24"]
[TimeControl "2700+45"]

1. d4 d5 2. Nf3 Nf6 3. Bf4 Nc6 4. e3 Bf5 5. a3 e6 6. Bd3 Bxd3 7. cxd3 Bd6 8. O-O
Bxf4 9. exf4 O-O 10. Nc3 a6 11. Re1 Re8 12. b4 b5 13. Qb3 Qd6 14. g3 h6 15. Re2
Re7 16. Rae1 Rae8 17. Re3 Ng4 18. R3e2 f5 19. h3 Nf6 20. Re3 g6 21. Ne2 Nd8 22.
Ne5 Rg7 23. g4 Nf7 24. Nxf7 Kxf7 25. g5 hxg5 26. fxg5 Nh5 27. a4 Nf4 28. axb5
axb5 29. Rf3 Nxe2+ 30. Rxe2 Rh8 31. Qa3 Rgh7 32. Ree3 Rh5 33. Rg3 f4 34. Rgf3
Rxg5+ 35. Kf1 Rxh3 36. Ke2 Rxf3 37. Rxf3 e5 38. Qc1 Rf5 39. Qh1 exd4 40. Qh7+
Ke8 41. Qh8+ Rf8 42. Qxd4 g5 43. Qg7 Qe7+ 44. Qxe7+ Kxe7 45. d4 g4 46. Rc3 Kd6
47. Rc5 c6 48. f3 g3 49. Rc1 Rh8 50. Rg1 Rh2+ 51. Kf1 Rf2+ 52. Ke1 Rxf3 53. Rh1
Re3+ 54. Kd2 g2 55. Rh6+ Re6 56. Rh8 g1=Q 57. Rd8+ Kc7 58. Ra8 Qxd4+ {White
resigns} 0-1

[Event "Team 45 45 League T54"]
[Site "Internet Chess Club"]
[Date "2012.09.23"]
[Round "6"]
[White "LittleButton"]
[Black "badmove"]
[Result "0-1"]
[WhiteElo "1746"]
[BlackElo "1788"]
[Opening "Scotch: Schmidt variation"]
[ECO "C45"]
[Time "17:00:34"]
[TimeControl "2700+45"]

1. e4 e5 2. Nf3 Nc6 3. d4 exd4 4. Nxd4 Nf6 5. Nxc6 bxc6 6. Bd3 d5 7. e5 Ng4 8.
O-O Bc5 9. Qe2 Qe7 10. Bf4 g5 11. Bd2 Nxe5 12. b4 Bd6 13. Bc3 f6 14. Re1 Be6 15.
Nd2 h5 16. Nb3 Nxd3 17. Qxd3 Kf7 18. Nd4 Be5 19. Nxc6 Bxh2+ 20. Kxh2 Qd6+ 21.
Ne5+ fxe5 22. Bxe5 Qxb4 23. Bxh8 Rxh8 24. Qf3+ Qf4+ 25. Qxf4+ gxf4 26. Rab1 Bf5
27. Rb7 Rc8 28. c3 a6 29. Re5 Kf6 30. Rxd5 Be4 31. c4 Bxd5 32. cxd5 Ke5 33. Ra7
Kxd5 34. Rxa6 c5 35. Rb6 c4 36. Rb2 Kd4 37. Rd2+ Kc3 38. Rd1 Kc2 39. Re1 c3 40.
g3 Kd2 {White resigns} 0-1

[Event "Team 45 45 League T54"]
[Site "Internet Chess Club"]
[Date "2012.09.21"]
[Round "6"]
[White "Helaman"]
[Black "Skeptic1972"]
[Result "1-0"]
[WhiteElo "1722"]
[BlackElo "1582"]
[Opening "French: Steinitz variation"]
[ECO "C11"]
[Time "15:01:06"]
[TimeControl "2700+45"]

1. e4 e6 2. d4 d5 3. Nc3 Nf6 4. e5 Nfd7 5. f4 c5 6. Nf3 a6 7. Be3 Qb6 8. a3 Nc6
9. dxc5 Bxc5 10. Na4 Qa5+ 11. b4 Qxa4 12. bxc5 O-O 13. c4 Qa5+ 14. Qd2 Qxd2+ 15.
Kxd2 dxc4 16. Bxc4 Rd8 17. Kc2 Nf8 18. Rad1 Rxd1 19. Rxd1 Na5 20. Ba2 Bd7 21.
Kc3 Rc8 22. Ng5 b6 23. Ne4 bxc5 24. Nd6 Rc7 25. f5 Nc6 26. Rb1 Nxe5 27. Bf4 f6
28. Nc4 Rc6 29. Bxe5 fxe5 30. Nxe5 Rd6 31. Nxd7 Rxd7 32. fxe6 Re7 33. Rb7 Ng6
34. Rxe7 Nxe7 35. Kc4 Kf8 36. Kxc5 Nc8 37. Kc6 Ke7 38. Kb7 Nd6+ 39. Kxa6 Ne4 40.
Bd5 Nc5+ 41. Kb5 Nd3 42. a4 Nf4 43. Bc4 Nxg2 44. a5 Ne3 {Black resigns} 1-0

[Event "Team 45 45 League T54"]
[Site "Internet Chess Club"]
[Date "2012.09.26"]
[Round "6"]
[White "N3QW"]
[Black "CKNIGHT3"]
[Result "0-1"]
[WhiteElo "1373"]
[BlackElo "1705"]
[Opening "Sicilian: Najdorf, Lipnitzky attack"]
[ECO "B86"]
[Time "12:00:19"]
[TimeControl "2700+45"]

1. e4 c5 2. Nf3 d6 3. d4 cxd4 4. Nxd4 Nf6 5. Nc3 a6 6. Bc4 e6 7. O-O Be7 8. Re1
Qc7 9. b3 b5 10. Be2 Qxc3 {White resigns} 0-1

[Event "Team 45 45 League T54"]
[Site "Internet Chess Club"]
[Date "2012.09.22"]
[Round "6"]
[White "houseofcook"]
[Black "vigneshv"]
[Result "1/2-1/2"]
[WhiteElo "1425"]
[BlackElo "1638"]
[Opening "French: Tarrasch, closed variation"]
[ECO "C05"]
[Time "09:17:06"]
[TimeControl "2700+45"]

1. e4 e6 2. d4 d5 3. Nd2 Nf6 4. e5 Nfd7 5. Bd3 c5 6. c3 Qa5 7. Ne2 b6 8. O-O Ba6
9. Nf3 Bxd3 10. Qxd3 Qa6 11. Qd1 Nc6 12. Bd2 Be7 13. a3 c4 14. Qc2 O-O 15. Ng5
Bxg5 16. Bxg5 Qc8 17. f4 f6 18. Bh4 Qe8 19. Bg3 Qe7 20. Rf2 fxe5 21. fxe5 Rxf2
22. Bxf2 b5 23. Rf1 Rf8 24. Qd1 Qf7 25. Ng3 Ne7 26. Be3 Qe8 27. Rxf8+ Qxf8 28.
Qf1 Qxf1+ 29. Kxf1 Nf5 30. Nxf5 exf5 31. Kf2 Kf7 32. Kf3 h6 33. h3 g5 34. g3 Ke6
{Game drawn by mutual agreement} 1/2-1/2

[Event "Team 45 45 League T54"]
[Site "Internet Chess Club"]
[Date "2012.09.22"]
[Round "6"]
[White "clarinetref"]
[Black "BrerRabbit"]
[Result "1-0"]
[WhiteElo "1686"]
[BlackElo "1468"]
[Opening "Nimzovich-Larsen attack: Indian variation"]
[ECO "A01"]
[Time "20:05:57"]
[TimeControl "2700+45"]

1. b3 Nf6 2. Bb2 d6 3. d4 g6 4. c4 Bg7 5. Nc3 O-O 6. e4 e5 7. Nf3 Bg4 8. Be2
exd4 9. Nxd4 Bxe2 10. Qxe2 Nc6 11. Nxc6 bxc6 12. O-O Re8 13. Rfe1 Nd7 14. Qc2
Rb8 15. Rad1 Be5 16. Ne2 Qf6 17. Bxe5 Nxe5 18. h3 c5 19. Nc3 Nc6 20. Nd5 Qd8 21.
Qd2 Nd4 22. Qf4 Kg7 23. e5 Rxe5 24. Rxe5 dxe5 25. Qxe5+ f6 26. Qxc7+ Qxc7 27.
Nxc7 Rb7 28. Nd5 Kf7 29. Re1 a5 30. Nc3 Nc6 31. Na4 Nb4 32. Nxc5 Rb8 33. Re2 Rd8
34. Nb7 Ra8 35. a3 Nc6 36. Nd6+ Kf8 37. Re6 f5 38. Nxf5 gxf5 39. Rxc6 {Black
resigns} 1-0

[Event "Team 45 45 League T54"]
[Site "Internet Chess Club"]
[Date "2012.09.24"]
[Round "6"]
[White "AlPearson"]
[Black "tryanything"]
[Result "1/2-1/2"]
[WhiteElo "1288"]
[BlackElo "1582"]
[Opening "English: symmetrical, Benoni formation"]
[ECO "A31"]
[Time "19:01:39"]
[TimeControl "2700+45"]

1. d4 Nf6 2. c4 c5 3. Nf3 cxd4 4. Nxd4 Nc6 5. Bg5 e6 6. Nc3 Be7 7. e3 O-O 8. Be2
d5 9. cxd5 Nxd5 10. Bxe7 Ncxe7 11. Nxd5 Nxd5 12. O-O b6 13. Bf3 Bb7 14. Qb3 Qe7
15. Rac1 Rac8 16. Rxc8 Rxc8 17. Ne2 Nf6 18. Bxb7 Qxb7 19. Rc1 Rxc1+ 20. Nxc1 Qc6
21. Qd1 Kf8 22. Kf1 Ke7 23. Nb3 a5 24. Qc1 Qxc1+ {Game drawn by mutual
agreement} 1/2-1/2

[Event "Team 45 45 League T54"]
[Site "Internet Chess Club"]
[Date "2012.09.21"]
[Round "6"]
[White "Frankly"]
[Black "room-matt"]
[Result "0-1"]
[WhiteElo "1757"]
[BlackElo "1825"]
[Opening "Budapest: Adler variation"]
[ECO "A52"]
[Time "15:36:44"]
[TimeControl "2700+45"]

1. d4 Nf6 2. c4 e5 3. dxe5 Ng4 4. Nf3 Bc5 5. e3 Nc6 6. Be2 Ngxe5 7. O-O Nxf3+ 8.
Bxf3 Ne5 9. Nc3 Nxf3+ 10. Qxf3 O-O 11. a3 a5 12. b3 Re8 13. Bb2 Be7 14. Nd5 d6
15. Rad1 a4 16. b4 Be6 17. Nxe7+ Qxe7 18. Rfe1 b6 19. Rd2 Rad8 20. Red1 f6 21.
Rd4 c5 22. Rf4 cxb4 23. axb4 Qc7 24. Qg3 Kh8 25. Rxf6 a3 26. Ba1 Re7 27. Rf4
Bxc4 28. Qh4 Bb3 29. Re1 Rde8 30. Qh5 a2 31. Qb5 Rb8 32. Rh4 Qc2 33. Qg5 Qb1 34.
Rf1 Rf7 35. f4 Qd3 36. Re1 Qd2 37. Qg3 Rc8 38. Rg4 Rc1 39. Bxg7+ Rxg7 40. Rxc1
Qxc1+ 41. Kf2 Qd2+ 42. Kf3 Bd1+ {White resigns} 0-1

[Event "Team 45 45 League T54"]
[Site "Internet Chess Club"]
[Date "2012.09.22"]
[Round "6"]
[White "rayngrant"]
[Black "chrisgianno"]
[Result "0-1"]
[WhiteElo "1560"]
[BlackElo "1690"]
[Opening "Sicilian: Hungarian variation"]
[ECO "B27"]
[Time "09:25:57"]
[TimeControl "2700+45"]

1. e4 c5 2. Nf3 g6 3. d4 cxd4 4. Nxd4 Bg7 5. Be3 d6 6. Nc3 a6 7. Bc4 Nd7 8. O-O
Ngf6 9. f4 b5 10. Bb3 b4 11. Nd5 Bb7 12. Nxf6+ Bxf6 13. Bd5 Qc7 14. f5 Nc5 15.
Qf3 Na4 16. fxg6 hxg6 17. Rab1 Nb6 18. Bxb7 Qxb7 19. b3 Rc8 20. Rbd1 Nd7 21. Bg5
Ne5 22. Qf4 Bxg5 23. Qxg5 Qxe4 24. Rfe1 Qh4 25. Qxh4 Rxh4 26. g3 Rxd4 {White
resigns} 0-1

[Event "Team 45 45 League T54"]
[Site "Internet Chess Club"]
[Date "2012.09.24"]
[Round "6"]
[White "DutchBird"]
[Black "BenjaminSisko"]
[Result "0-1"]
[WhiteElo "1447"]
[BlackElo "1508"]
[Opening "Sicilian: Alapin's variation (2.c3)"]
[ECO "B22"]
[Time "19:23:36"]
[TimeControl "2700+45"]

1. e4 c5 2. c3 g6 3. d4 cxd4 4. cxd4 d5 5. e5 Bg7 6. Nc3 Nc6 7. Bb5 f6 8. exf6
exf6 9. Nge2 Be6 10. Nf4 Bf7 11. O-O Ne7 12. Bxc6+ bxc6 13. Re1 Qd6 14. Na4 O-O
15. Nc5 Rfe8 16. b3 Nf5 17. Bb2 Qxf4 18. Nd3 Qc7 19. Nc5 Rxe1+ 20. Qxe1 Re8 21.
Qd1 Qe7 22. Kf1 Qc7 23. Qc2 Qxh2 {White resigns} 0-1

[Event "Team 45 45 League T54"]
[Site "Internet Chess Club"]
[Date "2012.09.20"]
[Round "6"]
[White "SymbolicJester"]
[Black "fireball"]
[Result "1-0"]
[WhiteElo "1833"]
[BlackElo "1664"]
[Opening "KP: Nimzovich defense"]
[ECO "B00"]
[Time "19:00:55"]
[TimeControl "2700+45"]

1. e4 Nc6 2. Nf3 d5 3. exd5 Qxd5 4. Nc3 Qd8 5. d4 Bf5 6. Bb5 f6 7. d5 a6 8. Ba4
b5 9. Nxb5 axb5 10. Bxb5 Bd7 11. dxc6 Bf5 12. Qxd8+ Rxd8 13. c3 e5 14. O-O Bc5
15. Re1 Ne7 16. Be3 Bxe3 17. Rxe3 Nd5 18. Ree1 Kf7 19. Bc4 Be6 20. h3 Rb8 21.
Re2 Rb6 22. Rd1 Nf4 23. Rd7+ Kg6 24. Bxe6 Nxe2+ 25. Kf1 Nf4 26. Bb3 Rxc6 27.
Nh4+ Kg5 28. g3 Nh5 29. Bc2 g6 30. Nf3+ Kh6 31. Kg2 Rc5 32. Nh2 f5 33. h4 Nf6
34. Re7 Rd8 35. Nf3 e4 36. Ng5 Rd2 37. Bb3 e3 38. Rxe3 Ne4 39. Nxe4 fxe4 40. g4
Rxb2 41. Rxe4 Rxc3 42. g5+ Kg7 43. Re7+ Kf8 44. Rxh7 Rd3 45. Rxc7 Rdd2 46. Rf7+
Ke8 47. Rf6 Ke7 48. Kg3 Rd6 49. Rxd6 Kxd6 50. Bf7 Ke5 51. Bxg6 Rxa2 52. f3 Ra8
53. Be4 Rg8 54. Kg4 Rg7 55. h5 Rg8 56. Bc6 Rf8 57. h6 Rf4+ 58. Kh5 Rf8 59. Be4
Rh8 60. h7 Ke6 61. Kh6 Kf7 62. g6+ Kf6 63. g7 {Black resigns} 1-0

[Event "Team 45 45 League T54"]
[Site "Internet Chess Club"]
[Date "2012.09.21"]
[Round "6"]
[White "Insan996"]
[Black "amicusUK"]
[Result "1/2-1/2"]
[WhiteElo "1595"]
[BlackElo "1636"]
[Opening "Old Indian: Tartakower (Wade) variation"]
[ECO "A41"]
[Time "11:03:41"]
[TimeControl "2700+45"]

1. d4 d6 2. Nf3 Bg4 3. c4 Bxf3 4. exf3 e5 5. Be3 Nd7 6. Nc3 c6 7. Be2 Ngf6 8.
O-O Be7 9. Qc2 O-O 10. Rad1 Qc7 11. dxe5 dxe5 12. Ne4 Nxe4 13. fxe4 Rad8 14. a3
b6 15. Rd2 Nc5 16. Bxc5 Bxc5 17. Rfd1 Bd4 18. Bg4 Rd6 19. b4 c5 20. b5 Rfd8 21.
Kf1 Qe7 22. Rd3 Qh4 23. h3 Rf6 24. Rf3 Rxf3 25. Bxf3 g6 26. Qe2 Rd6 27. Rd2 Rf6
28. a4 Qf4 29. Kg1 Rd6 30. Rc2 Qg5 31. Ra2 Qc1+ 32. Kh2 Qf4+ 33. g3 Qf6 34. a5
Qd8 35. axb6 axb6 36. Qc2 h5 37. h4 Rd7 38. Kg2 Kg7 39. Qb3 Qe7 40. Ra6 Qe6
{Game drawn by mutual agreement} 1/2-1/2

[Event "Team 45 45 League T54"]
[Site "Internet Chess Club"]
[Date "2012.09.23"]
[Round "6"]
[White "PaulRichard"]
[Black "monkeyshark"]
[Result "0-1"]
[WhiteElo "1463"]
[BlackElo "1485"]
[Opening "Ruy Lopez: exchange, Gligoric variation"]
[ECO "C69"]
[Time "13:00:44"]
[TimeControl "2700+45"]

1. e4 e5 2. Nf3 Nc6 3. Bb5 a6 4. Bxc6 dxc6 5. O-O f6 6. d4 Bd6 7. dxe5 fxe5 8.
Nbd2 Bg4 9. h3 Bh5 10. Nc4 Qf6 11. Qd3 Bxf3 12. Qxf3 Qxf3 13. gxf3 O-O-O 14. Bg5
Rf8 15. Kg2 Nf6 16. Rad1 Rd8 17. Rd3 h6 18. Be3 Rd7 19. Rfd1 Rhd8 20. Nxd6+ Rxd6
21. Rxd6 cxd6 22. Bb6 Rd7 23. c4 c5 24. a3 Nh5 25. b4 Nf4+ 26. Kg3 Ne2+ 27. Kg2
Nc3 28. Rd3 Na4 29. bxc5 Nxc5 30. Bxc5 dxc5 31. Rd5 Rxd5 32. exd5 b5 33. Kf1
bxc4 34. Ke2 Kd7 35. Ke3 Kd6 36. Ke4 c3 37. Kd3 c2 38. Kxc2 Kxd5 39. Kd3 c4+ 40.
Kc3 Kc5 41. h4 h5 42. a4 a5 43. Kc2 Kb4 44. Kb2 Kxa4 45. Kc3 Kb5 46. Kc2 a4 47.
Kb2 Kb4 48. Kc2 a3 49. Kc1 Kc3 {White resigns} 0-1

[Event "Team 45 45 League T54"]
[Site "Internet Chess Club"]
[Date "2012.09.24"]
[Round "6"]
[White "BotanicalKnight"]
[Black "seattleblues"]
[Result "0-1"]
[WhiteElo "1473"]
[BlackElo "1341"]
[Opening "Scandinavian (center counter) defense"]
[ECO "B01"]
[Time "21:02:10"]
[TimeControl "2700+45"]

1. e4 d5 2. e5 e6 3. f4 c5 4. d3 Nc6 5. Nc3 Nh6 6. g3 Nf5 7. Bg2 Be7 8. Nf3 Qa5
9. O-O c4 10. d4 Nfxd4 11. Kh1 Nf5 12. Bd2 Qc7 13. Ne2 Bd7 14. c3 Bc5 15. Qc1
O-O 16. g4 Nfe7 17. Qe1 Ng6 18. h4 f5 19. exf6 Rxf6 20. g5 Rf7 21. Nh2 Bd6 22.
Qg3 Raf8 23. h5 Nxf4 24. Nxf4 Bxf4 25. Bxf4 Rxf4 26. Qe3 Rxf1+ 27. Rxf1 Rxf1+
28. Bxf1 Qe5 29. Qg1 Qe4+ 30. Bg2 Qf5 31. Bf3 b6 32. Bg4 Qe4+ 33. Bf3 Qf4 34. g6
h6 35. Qg2 Qc1+ 36. Nf1 Qg5 37. Qh2 Ne5 38. Bg2 Kf8 39. Ng3 Ng4 40. Qg1 Qh4+
{White forfeits on time} 0-1

[Event "Team 45 45 League T54"]
[Site "Internet Chess Club"]
[Date "2012.09.23"]
[Round "6"]
[White "bmw2002"]
[Black "rookmaster23"]
[Result "1-0"]
[WhiteElo "1613"]
[BlackElo "1596"]
[Opening "English opening"]
[ECO "A10"]
[Time "10:06:25"]
[TimeControl "2700+45"]

1. c4 g6 2. g3 Bg7 3. Bg2 c6 4. Nc3 Nf6 5. d4 d5 6. cxd5 cxd5 7. Nf3 O-O 8. O-O
Nc6 9. Bf4 a6 10. Qb3 Ne4 11. Rfd1 e6 12. Ne5 Nxe5 13. dxe5 Nxc3 14. Qxc3 Bd7
15. Qd2 Rc8 16. e4 dxe4 17. Qxd7 Qb6 18. Qd4 Qxd4 19. Rxd4 Rc2 20. b3 f6 21. Rd2
Rfc8 22. Rxc2 Rxc2 23. Bxe4 Re2 24. Bxb7 fxe5 25. Be3 e4 26. Rc1 Rxa2 27. Bc8
Kf7 28. Rc7+ Ke8 29. Bxe6 Ra1+ 30. Kg2 a5 31. Rxg7 {Black resigns} 1-0

[Event "Team 45 45 League T54"]
[Site "Internet Chess Club"]
[Date "2012.09.20"]
[Round "6"]
[White "sdcohle"]
[Black "Mitochondria"]
[Result "1/2-1/2"]
[WhiteElo "1419"]
[BlackElo "1430"]
[Opening "Sicilian"]
[ECO "B50"]
[Time "22:00:39"]
[TimeControl "2700+45"]

1. e4 c5 2. Nf3 d6 3. Nc3 Nf6 4. Bc4 e6 5. O-O Be7 6. d4 cxd4 7. Nxd4 O-O 8. Re1
Nc6 9. a3 Nxd4 10. Qxd4 b6 11. e5 dxe5 12. Qxe5 Bd6 13. Qe2 Qc7 14. h3 Bb7 15.
Bg5 Nd7 16. Ne4 Bc5 17. Nxc5 Nxc5 18. b4 Ne4 19. Be3 Rad8 20. Bd3 Qc6 21. Bxe4
Qxe4 22. f3 Qf5 23. c4 Qd3 24. Kf2 Qxe2+ 25. Rxe2 Rd7 26. Raa2 Rfd8 27. Rad2 f6
28. Rxd7 Rxd7 29. Rd2 Rxd2+ 30. Bxd2 Kf7 31. f4 Ke7 32. g3 f5 33. h4 h5 34. Bc3
g6 35. Be5 Kd7 36. Ke3 Kc6 37. Kd4 a6 38. a4 b5 39. axb5+ axb5 40. c5 Ba8 41.
Bf6 Kd7 42. Ke5 Bc6 43. Bg5 Kc7 44. Kxe6 Be4 45. Kf6 Kc6 46. Kxg6 Kd5 47. Be7
Ke6 48. Bd6 Bf3 49. Kg5 Bg4 50. Kg6 Bf3 51. Bf8 Bg4 52. c6 Bf3 53. c7 Kd7 54.
Kxf5 Kxc7 55. Ke5 Kd7 56. f5 Ke8 57. Bc5 Kf7 58. Kf4 Bg4 59. Kg5 Kg7 60. f6+ Kf7
61. Be7 Bd1 62. Kh6 Be2 63. Kg5 Bg4 64. Kf4 Bd1 65. Ke5 Be2 66. Kd4 Bf3 67. Kc5
Be2 {Game drawn by mutual agreement} 1/2-1/2

[Event "Team 45 45 League T54"]
[Site "Internet Chess Club"]
[Date "2012.09.23"]
[Round "6"]
[White "Zyme"]
[Black "smsxman"]
[Result "1-0"]
[WhiteElo "1300"]
[BlackElo "1421"]
[Opening "QGD: 6.Nf3"]
[ECO "D55"]
[Time "21:06:39"]
[TimeControl "2700+45"]

1. d4 d5 2. c4 e6 3. Nf3 Nf6 4. Bg5 Be7 5. e3 O-O 6. Nc3 a6 7. Bd3 Nc6 8. O-O h6
9. Bh4 Nh7 10. Bg3 Na7 11. Rc1 c6 12. Qc2 Bd7 13. Bxh7+ Kh8 14. Bd3 b5 15. cxd5
cxd5 16. Ne5 Rc8 17. Qe2 Be8 18. Rfd1 f6 19. Ng6+ Bxg6 20. Bxg6 f5 21. Bf4 Rf6
22. Qh5 Qg8 23. Be5 Rff8 24. Qxh6+ {Black resigns} 1-0

[Event "Team 45 45 League T54"]
[Site "Internet Chess Club"]
[Date "2012.09.22"]
[Round "6"]
[White "Toalla"]
[Black "Ostap-Bender"]
[Result "0-1"]
[WhiteElo "1289"]
[BlackElo "1423"]
[Opening "Sicilian, Szén (`anti-Taimanov') variation"]
[ECO "B44"]
[Time "13:10:03"]
[TimeControl "2700+45"]

1. e4 c5 2. Nf3 e6 3. d4 cxd4 4. Nxd4 Nc6 5. Nb5 d6 6. a4 a6 7. N5a3 Nf6 8. Nc3
Be7 9. Be2 O-O 10. O-O Qc7 11. f4 Qb6+ 12. Kh1 Qd4 13. Qxd4 Nxd4 14. Bd3 e5 15.
Nc4 Be6 16. fxe5 dxe5 17. Nxe5 Rac8 18. Be3 Nc6 19. Nf3 Nb4 20. Rac1 Nxd3 21.
cxd3 Rfd8 22. h3 Rxd3 23. Bg5 h6 24. Bxf6 Bxf6 25. e5 Be7 26. Ne4 Rxc1 27. Rxc1
Kf8 28. Kh2 Rb3 29. Rc2 Rb4 30. Nc3 Bd7 31. Ne1 Ke8 32. Nd3 Rd4 33. Nf2 Bxa4 34.
Nxa4 Rxa4 35. g4 Ra5 36. Nd3 Rd5 37. Rc3 a5 38. Kg2 b5 39. Kf3 b4 40. Ke4 Rxe5+
41. Nxe5 bxc3 42. bxc3 a4 43. Nc4 a3 44. Nd2 a2 45. Nb3 Kd7 46. Kd5 Bf6 47. Kc4
Kc6 48. Kd3 Be5 49. Kc2 Kb5 50. Kd3 g6 51. h4 f5 52. gxf5 gxf5 53. h5 f4 54. Kc2
f3 55. Kd1 Bxc3 {White resigns} 0-1

[Event "Team 45 45 League T54"]
[Site "Internet Chess Club"]
[Date "2012.09.24"]
[Round "6"]
[White "clarinetref"]
[Black "nanning"]
[Result "1/2-1/2"]
[WhiteElo "1684"]
[BlackElo "1651"]
[Opening "Nimzovich-Larsen attack: Indian variation"]
[ECO "A01"]
[Time "10:08:12"]
[TimeControl "2700+45"]

1. b3 Nf6 2. Bb2 d5 3. e3 Bg4 4. Nf3 a6 5. c4 e6 6. cxd5 exd5 7. Be2 Nbd7 8. O-O
Bd6 9. Nd4 Ne5 10. Bxg4 Nexg4 11. g3 Qd7 12. Nc3 Ne5 13. d3 h5 14. e4 c5 15. Nf5
g6 16. Nxd6+ Qxd6 17. exd5 O-O-O 18. Ne4 Qe7 19. Nxf6 Qxf6 20. f4 Nf3+ 21. Qxf3
Qxb2 22. f5 Qd4+ 23. Kh1 Qxd5 24. Qxd5 Rxd5 25. fxg6 fxg6 26. Rac1 Rhd8 27. b4
b6 28. Rf6 Kb7 29. bxc5 bxc5 30. Rb1+ Kc7 31. Rxa6 R8d6 32. Ra7+ Kc6 33. Ra6+
Kd7 34. Rxd6+ Rxd6 35. Rb3 Ke6 36. a4 Ra6 37. Ra3 Kd5 38. Kg2 g5 39. Kf3 Ke5 40.
h3 Kd4 41. h4 Rf6+ 42. Ke2 g4 43. a5 Ra6 44. Ra4+ Ke5 45. Ke3 Kf5 46. Kd2 Ke5
47. Kc3 Kd5 48. Kb3 Kd6 49. Kc4 Kc6 50. Ra2 Ra8 51. a6 Ra7 52. Ra5 Kb6 53. Rxc5
Rxa6 54. Rxh5 Ra4+ 55. Kc3 Kc6 56. d4 Ra3+ 57. Kc4 Rxg3 58. d5+ Kd6 59. Rh6+ Kd7
60. h5 Rg1 61. Rg6 g3 62. Kd3 g2 63. Ke2 Rh1 64. Kf2 Rxh5 65. d6 Rd5 66. Kxg2
Rxd6 {Game drawn by mutual agreement} 1/2-1/2

[Event "Team 45 45 League T54"]
[Site "Internet Chess Club"]
[Date "2012.09.21"]
[Round "6"]
[White "tryanything"]
[Black "PostMike"]
[Result "1/2-1/2"]
[WhiteElo "1594"]
[BlackElo "1483"]
[Opening "Queen's pawn game"]
[ECO "A46"]
[Time "17:34:56"]
[TimeControl "2700+45"]

1. d4 Nf6 2. Nf3 e6 3. Bf4 b6 4. e3 Bb7 5. Bd3 c5 6. c3 cxd4 7. exd4 Be7 8. Nbd2
O-O 9. O-O Ba6 10. Nc4 d5 11. Nce5 Bxd3 12. Nxd3 Nbd7 13. Nfe5 Rc8 14. Qa4 a5
15. Nc6 Qe8 16. Nxe7+ Qxe7 17. Rfe1 Rc4 18. Qd1 Rfc8 19. Ne5 Nxe5 20. Bxe5 b5
21. a3 b4 22. axb4 axb4 23. cxb4 Rxb4 24. Qd2 Rbc4 25. Rec1 Nd7 26. Bf4 Nb6 27.
g3 Rxc1+ 28. Rxc1 Rxc1+ 29. Qxc1 Nc4 30. b3 Nd6 31. Bxd6 Qxd6 32. Qc8+ Qf8 33.
Qxf8+ Kxf8 34. f4 Ke7 35. Kf2 Kd6 36. Ke3 Kc6 37. Kd3 Kb5 38. Kc3 h5 39. h4 f6
40. Kb2 Kb4 41. Kc2 Kb5 42. Kb2 Kb4 43. Kc2 Kb5 44. Kc3 Ka5 45. Kb2 {Game drawn
by mutual agreement} 1/2-1/2

[Event "Team 45 45 League T54"]
[Site "Internet Chess Club"]
[Date "2012.09.20"]
[Round "6"]
[White "jjaillet2007"]
[Black "JohLeb"]
[Result "1-0"]
[WhiteElo "1358"]
[BlackElo "1429"]
[Opening "QGD: Marshall defense"]
[ECO "D06"]
[Time "19:59:19"]
[TimeControl "2700+45"]

1. d4 d5 2. c4 Nf6 3. Nc3 c6 4. cxd5 Nxd5 5. e4 Nxc3 6. bxc3 g6 7. Nf3 Bg7 8.
Bd3 O-O 9. O-O Qa5 10. Bd2 Bg4 11. h3 Be6 12. c4 Qc7 13. Rc1 Qd7 14. d5 cxd5 15.
cxd5 Bxd5 16. exd5 Qxd5 17. Bc4 Qd7 18. Bc3 Qxd1 19. Rfxd1 a6 20. Bxg7 Kxg7 21.
Bd5 Nc6 22. Bxc6 bxc6 23. Rxc6 h6 24. Rd7 Rfe8 25. Nd2 Red8 26. Rxd8 Rxd8 27.
Nf3 a5 28. Ra6 Rd5 29. a4 e5 30. g4 g5 31. Ne1 e4 32. Nc2 f6 33. Ne3 Rc5 34.
Nf5+ Kg6 35. Ne7+ Kf7 36. Nc6 Rc1+ 37. Kg2 Rc2 38. Ra7+ Kg6 39. Ne7+ Kf7 40.
Nf5+ Ke8 41. Re7+ Kf8 42. Rxe4 Rc5 43. Nxh6 Kg7 44. Nf5+ Kf7 45. Re7+ Kf8 46.
Ra7 Re5 47. Kg3 Rc5 48. h4 Rc3+ 49. Ne3 Rc5 50. hxg5 fxg5 51. Nf5 Rd5 52. Ne3
Rc5 53. Kf3 Ke8 54. Ke4 {Black resigns} 1-0

[Event "Team 45 45 League T54"]
[Site "Internet Chess Club"]
[Date "2012.09.24"]
[Round "6"]
[White "theartist"]
[Black "Aquaman"]
[Result "1/2-1/2"]
[WhiteElo "1142"]
[BlackElo "1262"]
[Opening "Budapest: Fajarowicz variation"]
[ECO "A51"]
[Time "15:01:46"]
[TimeControl "2700+45"]

1. d4 Nf6 2. c4 e5 3. dxe5 Ne4 4. Qd4 Bb4+ 5. Nd2 Nxd2 6. Bxd2 Nc6 7. Qe3 Bxd2+
8. Qxd2 Nxe5 9. e4 O-O 10. Be2 c5 11. Nf3 Re8 12. O-O b6 13. Rfe1 Bb7 14. Qc2
Ng6 15. Nd2 Nf4 16. Bf3 Ne6 17. e5 Bxf3 18. Nxf3 Ng5 19. Qc3 Re6 20. Re3 Rg6 21.
g3 Re6 22. Rd1 Rc8 23. Rd6 Nxf3+ 24. Rxf3 Rxd6 25. exd6 h6 26. Qe5 Qe8 27. Qe7
Qxe7 28. dxe7 Re8 29. Re3 f5 30. f4 Kf7 31. Kf2 Rxe7 32. Rxe7+ Kxe7 33. Ke3 Ke6
34. h4 h5 35. a3 a5 36. b3 g6 37. Kd3 Kd6 38. Kc3 Kc6 39. a4 d5 40. Kd3 dxc4+
41. bxc4 Kd6 42. Kc3 Kc7 43. Kb3 {Game drawn by mutual agreement} 1/2-1/2

[Event "Team 45 45 League T54"]
[Site "Internet Chess Club"]
[Date "2012.09.23"]
[Round "6"]
[White "H2-0"]
[Black "charles-allen"]
[Result "0-1"]
[WhiteElo "1810"]
[BlackElo "1892"]
[Opening "Petrov: Nimzovich attack"]
[ECO "C42"]
[Time "10:30:14"]
[TimeControl "2700+45"]

1. e4 e5 2. Nf3 Nf6 3. Nxe5 d6 4. Nf3 Nxe4 5. Nc3 Nxc3 6. dxc3 Be7 7. Be3 Nc6 8.
Qd2 Be6 9. Be2 Bf6 10. Ng5 Bf5 11. g4 Bg6 12. O-O-O Qd7 13. h3 O-O-O 14. f4 Bxg5
15. fxg5 Qe6 16. Bf3 Qxa2 17. Qd5 Qa1+ 18. Kd2 Qxb2 19. Qb3 Qxb3 20. cxb3 d5 21.
Kc1 Be4 22. Rhf1 Ne5 23. Bxe4 dxe4 24. Bd4 Nf3 25. Rxf3 exf3 26. Rf1 Rhg8 27.
Rxf3 Rd7 28. b4 g6 29. Kc2 b6 30. Rf1 Re8 31. Rf2 Kb7 32. Kb3 Ra8 33. Rf6 a5 34.
Rf3 axb4 35. Bf6 bxc3 36. Rxc3 c5 37. h4 Kc6 38. h5 b5 39. Rf3 c4+ 40. Kc2 Ra2+
41. Kc1 Rd3 42. Rf4 c3 {White resigns} 0-1